AoeStats
← dongquangthang

Arena

510764133Analyzed
3v3 RM · 13h ago on Oct 2, 2026· 43m 47s· 6 players
Game mode
Random Map
Map size
Normal (6 player)
Population
200
Speed
Normal
Resources
Standard
Victory
Conquest
Starting age
Dark Age
Ending age
Imperial Age
RankedLock teamsTeams togetherTeam positionsShared explorationLock speedFull tech treeHidden civsTurbo modeCheats
Victory
Defeat
🇭🇰 Cumans · Hong Kong SAR China
1236
+17
🇹🇼 Vikings · Taiwan
1235
+17
🇻🇳 Teutons · Vietnam
1228
+17
🇩🇪 Persians · Germany
1282
-19
🇸🇰 Inca · Slovakia
1238
-16
🇩🇪 Malians · Germany
1233
-16
Steve
5:19 Loom
10:18 Feudal Age
14:12 Double-Bit Axe
14:09 Horse Collar
22:45 Castle Age
20:48 Gold Mining
21:47 Wheelbarrow
21:40 Stone Mining
24:00 Bow Saw
24:11 Heavy Plow
24:33 Forging
24:36 Bloodlines
24:58 Hand Cart
25:37 Gold Shaft Mining
26:27 Gold Shaft Mining
30:11 Imperial Age
28:49 Light Cavalry
30:09 Scale Barding Armor
31:57 Chemistry
32:15 Iron Casting
32:45 Conscription
35:03 Blast Furnace
35:28 Chain Barding Armor
35:29 Town Watch
36:36 Ballistics
36:29 Masonry
37:57 Two-Man Saw
38:16 Plate Barding Armor
38:03 Elite Steppe Lancer
38:48 Hussar
40:07 Murder Holes
40:50 Fletching
41:39 Bodkin Arrow
42:13 Steppe Husbandry
43:19 Cuman Mercenaries
44:39 Hoardings
洗勒烤喔
9:52 Feudal Age
11:12 Loom
15:23 Castle Age
14:14 Double-Bit Axe
14:11 Horse Collar
19:07 Town Watch
21:49 Squires
22:07 Gold Mining
31:09 Imperial Age
29:04 Forging
28:56 Scale Mail Armor
32:13 Scale Mail Armor
32:23 Forging
31:50 Elite Varangian Guard
34:44 Conscription
34:42 Arson
35:35 Iron Casting
35:16 Chain Mail Armor
36:53 Gold Shaft Mining
38:07 Blast Furnace
37:38 Pikeman
39:13 Plate Mail Armor
38:34 Fletching
39:14 Chieftains
40:04 Bow Saw
41:02 Chemistry
41:51 Capped Ram
44:26 Town Patrol
dongquangthang
9:10 Feudal Age
7:55 Loom
9:40 Double-Bit Axe
10:42 Fletching
20:44 Castle Age
18:59 Gold Mining
19:19 Scale Mail Armor
19:25 Horse Collar
20:44 Forging
20:41 Scale Barding Armor
21:14 Padded Archer Armor
21:05 Stone Mining
23:18 Wheelbarrow
23:18 Bloodlines
23:32 Heavy Plow
25:56 Hand Cart
27:02 Bodkin Arrow
30:58 Town Watch
33:30 Man-at-Arms
35:14 Long Swordsman
35:40 Gambesons
37:22 Chain Mail Armor
36:56 Pikeman
39:51 Iron Casting
39:34 Leather Archer Armor
41:30 Squires
Pandabruder
11:29 Feudal Age
11:57 Horse Collar
12:03 Double-Bit Axe
18:13 Castle Age
18:18 Castle Age
17:18 Loom
19:49 Bow Saw
23:08 Imperial Age
22:06 Gold Mining
22:07 Stone Mining
24:49 Chemistry
24:57 Heavy Plow
27:17 Scale Mail Armor
28:44 Ballistics
35:02 Wheelbarrow
35:59 Hand Cart
36:25 Stone Shaft Mining
36:26 Gold Shaft Mining
43:27 Chain Mail Armor
metanol ~
2:45 Loom
12:28 Feudal Age
13:35 Town Watch
14:12 Fletching
13:58 Champi Runner
14:45 Scale Mail Armor
23:08 Castle Age
21:54 Forging
21:40 Horse Collar
21:49 Double-Bit Axe
22:38 Gold Mining
23:01 Stone Mining
25:00 Wheelbarrow
23:48 Champi Warrior
24:49 Bow Saw
25:37 Bodkin Arrow
27:14 Chain Mail Armor
31:56 Heavy Plow
33:01 Squires
38:25 Imperial Age
36:43 Iron Casting
37:22 Gold Shaft Mining
37:33 Stone Shaft Mining
36:58 Arson
37:36 Padded Archer Armor
38:58 Elite Champi Warrior
40:36 Bracer
41:37 Blast Furnace
42:12 Plate Mail Armor
42:51 Conscription
43:43 Fabric Shields
Phil
11:08 Feudal Age
14:33 Castle Age
13:45 Horse Collar
13:54 Double-Bit Axe
14:47 Scale Barding Armor
15:08 Bloodlines
19:29 Loom
20:21 Wheelbarrow
22:35 Gold Mining
24:59 Husbandry
26:10 Hand Cart
25:40 Town Watch
26:27 Chain Barding Armor
30:54 Forging
32:42 Iron Casting
35:53 Imperial Age
35:36 Cavalier
36:53 Plate Barding Armor
38:12 Blast Furnace
37:53 Savar
40:48 Conscription
41:08 Fletching
Connection lost

Rejoining the realm…

Still unreachable

The connection could not be restored.

Session expired

The server has moved on; the page needs a fresh start.